Map: Hard Lead LE

Players

MaNa

  • Race: Protoss Protoss
  • Spawn Location: 11:00

herO - Winner!

  • Race: Protoss Protoss
  • Spawn Location: 5:00

Event: ESL SC2 Masters 2023 Winter (Finals)

VOD

Have the link to the VOD?

Description

Time

  • Played on: Dec. 15, 2023, 12:44 p.m.
  • Length: 19:06

All games in this series

Show
View Real Time Build Order
Export as new Build Order

MaNa Protoss 

Build Orders: Oracle Opening 

Get SALT Encoding   

  12  0:00  Probe  
  13  0:12  Probe  
  14  0:17  Pylon  
  14  0:24  Probe (Chrono Boost)  
  15  0:36  Probe (Chrono Boost)  
  15  0:38  Gateway  
  16  0:44  Probe (Chrono Boost)  
  16  0:47  Assimilator  
  17  0:50  Probe  
  17  0:55  Assimilator  
  18  1:03  Probe (Chrono Boost)  
  19  1:07  Gateway  
  20  1:12  Probe (Chrono Boost)  
  20  1:17  Probe (Chrono Boost)  
  21  1:28  Cybernetics Core  
  21  1:29  Probe  
  22  1:38  Pylon  
  22  1:41  Probe  
  23  1:56  Probe  
  24  2:04  Stalker  
  24  2:05  Warp Gate, Stalker  
  28  2:09  Probe  
  29  2:16  Pylon  
  29  2:26  Stargate  
  30  2:30  Probe  
  29  2:42  Probe  
  30  2:54  Probe  
  31  2:59  Nexus  
  31  3:06  Oracle (Chrono Boost)  
  31  3:10  Probe  
  35  3:23  Probe  
  36  3:33  Robotics Facility  
  36  3:35  Probe  
  37  3:45  Shield Battery  
  37  3:47  Probe  
  38  3:54  Pylon  
  38  3:59  Probe  
  39  4:12  Probe (Chrono Boost)  
  39  4:14  Stalker x2  
  39  4:15  Probe (Chrono Boost)  
  45  4:20  Observer  
  45  4:22  Twilight Council  
  45  4:24  Probe (Chrono Boost)  
  47  4:27  Probe (Chrono Boost)  
  48  4:32  Probe (Chrono Boost)  
  48  4:33  Probe (Chrono Boost)  
  48  4:38  Probe  
  50  4:39  Stalker x2  
  50  4:42  Probe  
  50  4:44  Pylon  
  56  4:50  Probe  
  57  4:54  Probe  
  57  4:57  Blink (Chrono Boost)  
  55  5:02  Probe  
  55  5:04  Gateway  
  55  5:05  Gateway  
  55  5:06  Probe  
  57  5:16  Stalker x2  
  57  5:18  Probe x2  
  63  5:26  Assimilator  
  63  5:30  Probe x2  
  63  5:31  Warp Prism (Chrono Boost)  
  66  5:40  Pylon  
  66  5:44  Stalker x2  
  67  5:53  Nexus  
  67  5:58  Probe x2  
  69  6:05  Stalker x2  
  69  6:10  Probe  
  74  6:12  Pylon  
  74  6:18  Adept x2  
  78  6:25  Pylon  
  78  6:30  Probe x2  
  80  6:39  Stalker x3  
  80  6:42  Probe x2  
  76  6:50  Observer  
  76  6:52  Stalker  
  79  6:59  Gateway x2, Probe  
  79  7:00  Probe  
  81  7:04  Sentry  
  81  7:05  Sentry x2  
  81  7:08  Probe  
  86  7:11  Probe  
  86  7:12  Probe  
  87  7:18  Stalker  
  87  7:20  Probe  
  90  7:24  Probe x2  
  90  7:28  Assimilator  
  90  7:29  Stalker x3  
  98  7:32  Probe  
  98  7:35  Charge (Chrono Boost)  
  98  7:36  Probe  
  100  7:40  Probe  
  100  7:47  Gateway  
  100  7:48  Gateway  
  100  7:50  Gateway  
  99  7:51  Gateway  
  99  8:02  Probe  
  99  8:03  Probe  
  99  8:04  Zealot x4  
  109  8:08  Pylon x2  
  109  8:11  Templar Archives  
  109  8:19  Forge  
  109  8:21  Pylon  
  109  8:27  Zealot  
  109  8:28  Zealot x4  
  109  8:31  Zealot  
  115  8:50  High Templar x2, Zealot x6  
  115  8:51  Zealot  
  132  8:56  Archon  
  132  8:57  Shield Battery  
  132  8:59  Pylon  
  132  9:01  Pylon  
  122  9:19  Zealot x8, Protoss Ground Weapons Level 1 (Chrono Boost)  
  114  9:28  Stalker  
  114  9:29  Probe  
  105  9:39  High Templar x2  
  105  9:40  Zealot x2  
  105  9:43  Archon  
  114  9:46  Observer (Chrono Boost)  
  114  9:53  Photon Cannon  
  114  9:55  High Templar  
  114  9:56  High Templar  
  114  9:57  Zealot x3  
  124  10:00  Archon, Pylon  
  124  10:03  Warp Prism (Chrono Boost)  
  126  10:10  Zealot  
  128  10:19  Nexus  
  128  10:24  High Templar x2, Zealot  
  132  10:28  Archon  
  132  10:32  Zealot x3  
  132  10:56  Protoss Ground Weapons Level 2 (Chrono Boost)  
  132  11:00  Zealot x10  
  125  11:25  Stalker x6  
  129  11:27  Probe x2  
  129  11:28  Probe  
  118  11:44  Immortal (Chrono Boost)  
  122  11:49  Probe x3  
  125  11:54  Sentry  
  125  11:57  Probe  
  125  12:00  Photon Cannon  
  125  12:01  Probe x2  
  130  12:03  Robotics Facility x2, Probe  
  130  12:05  Zealot  
  130  12:07  Zealot  
  132  12:11  Zealot x2  
  132  12:13  Probe x2  
  137  12:17  Immortal (Chrono Boost), Probe  
  141  12:28  Probe x3  
  134  12:32  Assimilator  
  132  12:40  Stalker  
  132  12:41  Stalker x2  
  138  12:45  Shield Battery  
  138  12:48  Shield Battery  
  138  12:50  Immortal (Chrono Boost)  
  138  12:51  Shield Battery  
  142  12:54  Immortal (Chrono Boost)  
  150  13:02  Probe x3  
  150  13:03  Immortal (Chrono Boost)  
  153  13:06  Assimilator  
  153  13:12  Stalker  
  153  13:14  Zealot  
  159  13:20  Pylon  
  159  13:21  Observer x2 (Chrono Boost)  
  159  13:24  Pylon  
  159  13:26  Protoss Ground Weapons Level 3 (Chrono Boost)  
  160  13:28  Pylon  
  160  13:29  Immortal (Chrono Boost)  
  160  13:32  Immortal (Chrono Boost)  
  164  13:42  Immortal (Chrono Boost)  
  168  13:52  Zealot x2  
  172  13:56  Pylon  
  172  13:58  Immortal, Pylon  
  176  14:03  Photon Cannon  
  176  14:05  High Templar x2  
  176  14:09  Archon  
  180  14:13  Assimilator  
  180  14:14  Robotics Bay  
  180  14:18  Assimilator  
  175  14:27  Nexus  
  175  14:30  Warp Prism (Chrono Boost)  
  173  14:40  High Templar x4  
  173  14:44  Archon  
  173  14:45  Archon  
  181  14:51  Pylon  
  179  14:53  Pylon  
  179  14:58  Zealot  
  179  14:59  Zealot  
  167  15:15  Stalker x3  
  167  15:16  Stalker x3  
  177  15:22  Stalker x2  
  145  15:40  Zealot x5  
  135  15:49  Stalker x3  
  121  16:06  Stalker x5  
  121  16:09  Stalker  
  119  16:20  Zealot x4  
  119  16:29  Stalker x4  
  103  16:48  Stalker x6  
  103  16:52  Stalker x2  
  119  16:59  Observer, Zealot x2  
  91  17:16  Stalker x2  
  91  17:18  Stalker x3  
  91  17:21  Observer  
  101  17:26  Observer  
  102  17:36  Nexus  
  100  17:54  Stalker x4  
  100  17:55  Stalker x5  
  103  18:14  Nexus  
  103  18:18  Stalker x3  
  110  18:20  Observer  
  89  18:43  Stalker x2  
  89  18:44  Stalker x3  
  89  18:46  Stalker  
  102  18:53  Stalker  
Show
View Real Time Build Order
Export as new Build Order

herO Protoss - Winner!

Build Orders: Phoenix Opening 

Get SALT Encoding   

  12  0:00  Probe  
  13  0:12  Probe  
  14  0:16  Pylon  
  14  0:24  Probe (Chrono Boost)  
  16  0:36  Gateway, Probe (Chrono Boost)  
  16  0:43  Probe (Chrono Boost)  
  16  0:46  Assimilator  
  17  0:50  Probe  
  17  0:56  Assimilator  
  18  1:03  Probe (Chrono Boost)  
  19  1:07  Gateway  
  20  1:12  Probe (Chrono Boost)  
  20  1:17  Probe (Chrono Boost)  
  20  1:25  Cybernetics Core  
  21  1:29  Probe  
  22  1:36  Pylon  
  22  1:41  Probe  
  23  1:54  Probe  
  24  2:02  Sentry, Warp Gate, Stalker  
  24  2:08  Pylon  
  28  2:14  Shield Battery  
  28  2:25  Pylon  
  30  2:35  Stargate, Phoenix  
  28  2:38  Stalker  
  30  2:53  Nexus  
  30  2:59  Shield Battery  
  31  3:10  Stalker  
  32  3:19  Phoenix (Chrono Boost)  
  34  3:22  Probe  
  34  3:29  Pylon  
  34  3:35  Phoenix (Chrono Boost)  
  34  3:38  Probe  
  37  3:51  Probe  
  37  3:53  Phoenix (Chrono Boost)  
  40  4:03  Robotics Facility  
  40  4:09  Probe x2 (Chrono Boost)  
  41  4:21  Probe x2 (Chrono Boost)  
  41  4:23  Sentry  
  45  4:27  Probe x2 (Chrono Boost)  
  47  4:35  Probe x2  
  47  4:36  Sentry  
  51  4:43  Pylon  
  51  4:46  Stalker  
  51  4:47  Probe  
  51  4:48  Probe  
  55  4:59  Observer (Chrono Boost)  
  56  5:03  Probe  
  56  5:04  Probe  
  56  5:17  Immortal (Chrono Boost), Probe x2  
  56  5:18  Pylon  
  62  5:22  Phoenix  
  62  5:24  Nexus  
  62  5:29  Pylon  
  62  5:30  Probe  
  62  5:32  Probe  
  64  5:40  Assimilator  
  64  5:46  Immortal (Chrono Boost)  
  64  5:49  Probe x2  
  70  5:50  Shield Battery  
  70  6:01  Probe x2  
  70  6:02  Stalker x2  
  76  6:09  Pylon  
  76  6:13  Probe x2  
  76  6:16  Immortal (Chrono Boost)  
  78  6:23  Pylon  
  82  6:26  Stalker  
  82  6:27  Stalker  
  82  6:32  Probe x2  
  87  6:42  Twilight Council  
  87  6:43  Forge  
  87  6:45  Probe x2  
  85  6:49  Immortal (Chrono Boost)  
  89  6:57  Probe x3  
  92  7:07  Stalker x2  
  96  7:18  Warp Prism (Chrono Boost)  
  96  7:21  Blink (Chrono Boost)  
  96  7:22  Probe x2  
  100  7:23  Protoss Ground Weapons Level 1 (Chrono Boost), Probe  
  100  7:26  Gateway  
  100  7:28  Gateway  
  101  7:33  Zealot x2  
  104  7:41  Probe x3  
  104  7:43  Pylon  
  107  7:47  Gateway  
  107  7:50  Gateway, Immortal (Chrono Boost)  
  109  8:00  Probe x2  
  109  8:01  Probe  
  109  8:04  Stalker x2  
  116  8:08  Assimilator  
  116  8:11  Pylon  
  116  8:12  Pylon  
  116  8:21  Gateway  
  116  8:22  Gateway  
  116  8:27  Observer  
  117  8:30  Probe  
  117  8:31  Probe x2  
  117  8:32  Stalker x3  
  125  8:34  Pylon  
  123  8:42  Stalker  
  123  8:43  Stalker  
  123  8:45  Nexus  
  125  8:50  Pylon  
  125  8:51  Shield Battery  
  125  9:04  Stalker x4  
  125  9:07  Stalker x2  
  137  9:15  Warp Prism (Chrono Boost)  
  95  9:33  Stalker x5  
  95  9:36  Photon Cannon  
  95  9:37  Stalker  
  95  9:41  Shield Battery  
  95  9:43  Probe  
  95  9:44  Probe x2  
  98  9:46  Adept  
  98  9:47  Adept  
  98  9:49  Observer, Assimilator  
  103  9:58  Photon Cannon  
  103  9:59  Stalker x2  
  107  10:02  Shield Battery  
  105  10:08  Protoss Ground Weapons Level 2 (Chrono Boost)  
  105  10:10  Stalker x3  
  105  10:12  Probe x3  
  114  10:16  Photon Cannon  
  114  10:20  Pylon  
  113  10:24  Probe  
  114  10:31  Stalker x2  
  114  10:33  Shield Battery  
  114  10:35  Pylon  
  118  10:38  Shield Battery  
  118  10:39  Stalker x2  
  122  10:51  Stalker  
  122  10:52  Stalker  
  126  11:00  Stalker  
  126  11:01  Pylon, Stalker x3  
  134  11:08  Stalker x2  
  134  11:10  Probe x4  
  141  11:13  Observer  
  142  11:22  Probe x3  
  141  11:29  Stalker x4  
  141  11:30  Zealot x2  
  153  11:34  Zealot x2  
  153  11:38  Observer  
  153  11:40  Shield Battery, Protoss Ground Weapons Level 3  
  153  11:46  Warp Prism (Chrono Boost)  
  153  11:48  Shield Battery  
  153  11:52  Assimilator  
  153  11:55  Nexus  
  153  11:57  Pylon, Shield Battery, Stalker x2  
  157  12:14  Immortal (Chrono Boost)  
  155  12:21  Stalker x6  
  169  12:26  Photon Cannon  
  169  12:27  Photon Cannon  
  169  12:31  Charge (Chrono Boost)  
  169  12:32  Photon Cannon  
  169  12:40  Gateway  
  169  12:44  Probe  
  169  12:45  Robotics Bay, Assimilator, Probe x3  
  169  12:47  Robotics Facility  
  173  12:55  Immortal (Chrono Boost)  
  176  12:59  Probe x2  
  176  13:00  Probe x2  
  176  13:05  Pylon  
  180  13:11  Probe  
  180  13:12  Observer  
  181  13:21  Photon Cannon  
  181  13:23  Photon Cannon, Pylon  
  181  13:24  Photon Cannon  
  181  13:29  Sentry  
  181  13:32  Disruptor (Chrono Boost)  
  181  13:33  Disruptor (Chrono Boost), Pylon  
  183  13:35  Gravitic Boosters  
  191  13:54  Photon Cannon  
  191  13:55  Shield Battery  
  187  13:56  Dark Shrine  
  187  13:57  Zealot x7  
  187  14:02  Photon Cannon  
  199  14:03  Photon Cannon  
  199  14:07  Nexus, Forge  
  199  14:09  Shield Battery  
  199  14:11  Pylon  
  199  14:19  Observer  
  197  14:24  Protoss Ground Armor Level 1 (Chrono Boost)  
  197  14:26  Disruptor (Chrono Boost)  
  197  14:28  Disruptor (Chrono Boost)  
  189  14:36  Photon Cannon  
  189  14:37  Photon Cannon  
  187  14:39  Photon Cannon  
  187  14:40  Photon Cannon x2  
  187  14:41  Shield Battery  
  187  14:44  Shield Battery  
  187  14:45  Shield Battery  
  187  14:46  Templar Archives  
  187  14:51  Assimilator  
  185  14:52  Disruptor (Chrono Boost)  
  185  14:54  Disruptor (Chrono Boost)  
  185  14:56  Photon Cannon  
  185  14:58  Photon Cannon  
  185  14:59  Pylon  
  189  15:00  Stalker x5  
  193  15:20  Photon Cannon  
  193  15:21  Disruptor (Chrono Boost), Zealot x3  
  189  15:22  Pylon  
  189  15:28  Zealot  
  177  15:36  Stalker  
  177  15:37  Stalker x3  
  151  15:44  Zealot x3  
  151  15:45  Zealot  
  143  15:52  Disruptor (Chrono Boost)  
  143  15:55  Disruptor (Chrono Boost)  
  143  15:56  Stalker  
  141  15:59  Stalker x2  
  141  16:00  Stalker x2  
  148  16:05  Zealot x4  
  125  16:20  Disruptor (Chrono Boost), Stalker  
  125  16:23  Zealot x3, Disruptor (Chrono Boost)  
  125  16:24  Zealot  
  133  16:29  Zealot x4  
  134  16:46  Stalker x5  
  134  16:48  Disruptor (Chrono Boost)  
  134  16:51  Stalker x3  
  134  16:52  Stalker  
  112  17:10  Zealot x5  
  120  17:21  Observer  
  121  17:27  Stalker x4  
  129  17:34  Zealot x5  
  139  17:50  Probe x3  
  139  17:51  Probe x2  
  142  17:57  Stalker x5  
  152  18:01  Stalker  
  152  18:02  Zealot x2  
  151  18:22  Stalker x5  
  151  18:46  Zealot x9  
  173  18:54  Probe x3  
Tags
 
Add a new tag
Caveats
  • Supply blocks, unpowered buildings, or Contaminate may cause inaccurate times.
  • Supply counts are checked every 10 seconds.